Map: Terrasses de Prion

Players

Plutonun - Winner!

  • Race: Protoss Protoss
  • League: Silver

Bigogre

  • Race: Terran Terran
  • League: Silver

VOD

Have the link to the VOD?

Description

Time

  • Played on: Nov. 12, 2015, 3:41 p.m.
  • Length: 32:01
Show
View Real Time Build Order
Export as new Build Order

Plutonun Protoss - Winner!

Build Orders: Oracle Opening 

Get SALT Encoding   

  12  0:01  Probe (Chrono Boost)  
  13  0:11  Probe (Chrono Boost)  
  14  0:22  Probe (Chrono Boost)  
  14  0:28  Pylon  
  15  0:46  Probe (Chrono Boost), Gateway  
  15  0:49  Assimilator  
  16  0:55  Assimilator  
  16  0:56  Probe (Chrono Boost)  
  17  1:06  Pylon  
  17  1:07  Probe (Chrono Boost)  
  18  1:17  Probe (Chrono Boost)  
  19  1:28  Probe (Chrono Boost)  
  20  1:33  Gateway  
  20  1:34  Cybernetics Core  
  20  1:38  Probe (Chrono Boost)  
  21  1:49  Probe (Chrono Boost)  
  22  1:57  Pylon  
  21  2:05  Probe (Chrono Boost)  
  22  2:10  Stalker  
  24  2:18  Stargate  
  26  2:41  Mothership Core (Chrono Boost)  
  28  2:59  Probe (Chrono Boost)  
  28  3:01  Oracle (Chrono Boost)  
  30  3:06  Stalker  
  32  3:12  Forge  
  32  3:16  Warp Gate (Chrono Boost)  
  32  3:23  Pylon  
  32  3:27  Stalker  
  32  3:28  Pylon  
  32  3:30  Probe  
  35  3:42  Probe  
  35  3:48  Photon Cannon  
  36  3:50  Sentry  
  36  3:54  Probe  
  39  3:58  Gateway  
  39  4:01  Stalker  
  41  4:07  Probe  
  42  4:34  Probe  
  42  4:36  Nexus  
  42  4:38  Pylon  
  43  4:47  Protoss Ground Armor Level 1 (Chrono Boost)  
  43  4:50  Probe (Chrono Boost)  
  44  4:59  Photon Cannon  
  44  5:02  Probe (Chrono Boost)  
  45  5:09  Photon Cannon  
  45  5:13  Pylon  
  45  5:20  Robotics Facility  
  46  5:21  Probe (Chrono Boost)  
  46  5:32  Probe (Chrono Boost)  
  47  5:42  Probe (Chrono Boost)  
  48  5:50  Probe  
  48  5:53  Probe  
  50  6:00  Assimilator  
  50  6:01  Probe  
  50  6:03  Stalker  
  53  6:04  Sentry, Assimilator  
  53  6:06  Sentry  
  53  6:07  Photon Cannon  
  53  6:10  Observer (Chrono Boost)  
  58  6:12  Probe  
  58  6:17  Probe  
  60  6:24  Probe  
  61  6:26  Sentry, Protoss Ground Weapons Level 1  
  61  6:27  Sentry  
  61  6:29  Probe  
  67  6:33  Observer (Chrono Boost)  
  67  6:39  Pylon  
  67  6:43  Zealot  
  67  6:44  Pylon  
  69  6:51  Gateway  
  69  6:53  Pylon  
  69  6:57  Pylon  
  69  6:59  Observer (Chrono Boost)  
  70  7:07  Zealot x3  
  76  7:25  Probe  
  76  7:28  Probe  
  75  7:32  Twilight Council  
  75  7:34  Pylon  
  75  7:37  Probe  
  75  7:40  Probe  
  75  7:41  Pylon  
  75  7:42  Photon Cannon  
  77  7:48  Photon Cannon  
  77  7:50  Immortal (Chrono Boost)  
  81  7:52  Probe x2  
  83  8:05  Gateway  
  83  8:08  Gateway  
  83  8:12  Blink (Chrono Boost)  
  83  8:18  Probe  
  84  8:28  Observer  
  84  8:31  Stalker, Nexus  
  87  8:34  Pylon  
  87  8:41  Stalker  
  87  8:42  Pylon  
  87  8:47  Stalker  
  91  8:51  Oracle  
  94  9:01  Photon Cannon  
  94  9:03  Gateway  
  94  9:11  Pylon, Protoss Ground Weapons Level 2  
  94  9:16  Pylon  
  94  9:17  Stalker x2  
  98  9:27  Templar Archives  
  98  9:42  Assimilator  
  98  9:43  Probe x2  
  98  9:45  Probe, Assimilator  
  101  9:55  Probe x3  
  104  10:05  Gateway  
  104  10:07  Gateway  
  104  10:10  Gateway  
  104  10:12  Pylon  
  104  10:14  Charge (Chrono Boost)  
  104  10:19  High Templar x4  
  104  10:20  High Templar x2  
  116  10:23  Archon x2  
  116  10:25  Archon  
  116  10:31  Psionic Storm  
  116  10:33  Probe  
  118  10:35  Probe x2  
  119  10:43  Probe  
  119  10:48  Photon Cannon  
  119  10:49  Photon Cannon  
  120  10:54  Probe  
  120  10:55  Photon Cannon  
  120  10:56  High Templar x2  
  125  10:58  Photon Cannon  
  125  11:24  Zealot x5  
  135  11:26  Protoss Ground Weapons Level 3 (Chrono Boost)  
  135  11:29  Stalker x2  
  139  11:44  Gateway  
  139  11:46  Gateway  
  139  11:47  High Templar x2  
  139  11:48  High Templar  
  139  11:50  Gateway  
  139  11:52  Pylon, Zealot x3  
  139  11:53  Zealot x3  
  139  11:54  Zealot  
  159  11:55  Pylon  
  159  11:56  Pylon  
  159  12:03  Immortal (Chrono Boost)  
  163  12:24  Zealot  
  163  12:25  Zealot  
  163  12:26  Nexus, High Templar  
  163  12:27  Pylon, High Templar  
  163  12:28  High Templar  
  163  12:29  High Templar  
  175  12:30  Pylon  
  175  12:32  Pylon, Archon  
  175  12:33  Archon  
  175  12:53  Immortal (Chrono Boost)  
  175  12:54  Void Ray  
  175  12:56  Stalker x2  
  175  12:57  Stalker x2  
  191  13:04  Forge  
  188  13:24  Warp Prism (Chrono Boost)  
  188  13:25  Zealot  
  188  13:26  Zealot x4  
  200  13:37  Protoss Ground Armor Level 2 (Chrono Boost)  
  200  13:52  Photon Cannon  
  200  13:54  Photon Cannon  
  200  13:58  Photon Cannon  
  200  13:59  Photon Cannon  
  200  14:02  Protoss Shields Level 1 (Chrono Boost), Photon Cannon  
  200  14:04  Photon Cannon  
  200  14:09  Photon Cannon  
  200  14:11  Pylon  
  200  14:15  Pylon  
  200  14:18  Assimilator  
  200  14:20  Assimilator  
  200  14:50  Robotics Bay, Robotics Facility  
  200  14:52  Robotics Facility  
  200  15:17  Nexus  
  200  15:19  Gateway  
  200  15:20  Pylon, Photon Cannon  
  200  15:22  Gateway, Pylon  
  200  15:23  Photon Cannon  
  200  15:24  Pylon  
  200  15:26  Gateway  
  200  15:28  Pylon  
  200  15:31  Pylon  
  200  15:51  Protoss Shields Level 2 (Chrono Boost), Protoss Ground Armor Level 3 (Chrono Boost)  
  200  15:58  Observer  
  200  16:19  Photon Cannon  
  200  16:21  Photon Cannon  
  200  16:23  Photon Cannon  
  200  16:25  Photon Cannon  
  200  16:28  Photon Cannon  
  200  16:32  Photon Cannon  
  200  16:37  Photon Cannon  
  200  16:40  Photon Cannon  
  147  17:16  Stalker x4  
  147  17:17  Stalker x6  
  155  17:25  High Templar x3  
  155  17:26  High Templar x3  
  167  17:30  Archon x2  
  167  17:31  Archon  
  152  17:52  Stalker  
  152  17:53  Stalker  
  152  17:55  Zealot  
  152  18:12  Stalker  
  152  18:13  Stalker  
  152  18:14  High Templar x2  
  152  18:15  High Templar x4  
  152  18:16  High Templar x2  
  152  18:17  High Templar x4  
  152  18:18  High Templar  
  152  18:19  High Templar  
  184  18:22  Archon x3  
  184  18:23  Archon x4  
  184  19:06  High Templar x4  
  184  19:08  Zealot x4  
  200  19:11  Archon  
  200  19:12  Archon  
  200  19:26  Assimilator  
  200  19:31  Assimilator  
  200  20:22  Nexus  
  200  20:26  Pylon  
  200  20:28  Pylon  
  200  20:30  Pylon  
  200  20:40  Pylon  
  200  20:42  Assimilator  
  200  20:46  Assimilator  
  200  21:52  Photon Cannon  
  200  21:53  Nexus, Photon Cannon  
  200  21:55  Photon Cannon  
  200  21:56  Pylon, Photon Cannon  
  200  21:58  Photon Cannon  
  200  21:59  Pylon  
  200  22:00  Photon Cannon  
  200  22:02  Pylon  
  200  22:05  Photon Cannon  
  200  22:06  Pylon, Photon Cannon  
  200  22:07  Pylon  
  200  22:09  Nexus  
  200  22:11  Pylon  
  200  22:12  Photon Cannon  
  200  22:13  Pylon  
  200  22:15  Photon Cannon  
  200  22:17  Pylon  
  200  22:18  Photon Cannon  
  200  22:19  Photon Cannon x2  
  200  22:20  Pylon  
  200  22:23  Photon Cannon  
  200  22:27  Photon Cannon  
  200  22:29  Photon Cannon  
  200  22:32  Photon Cannon  
  200  22:34  Photon Cannon  
  200  22:36  Photon Cannon  
  200  22:39  Photon Cannon  
  200  22:55  Nexus  
  200  23:02  Pylon  
  200  23:03  Protoss Shields Level 3 (Chrono Boost)  
  200  23:04  Pylon  
  200  23:06  Pylon  
  200  23:10  Pylon  
  200  23:14  Pylon, Stargate  
  200  23:16  Pylon  
  200  23:17  Assimilator  
  200  23:18  Stargate  
  200  23:19  Protoss Air Weapons Level 1 (Chrono Boost)  
  200  23:20  Stargate  
  200  23:21  Stargate  
  200  23:25  Pylon  
  200  23:27  Pylon  
  200  23:30  Stargate  
  200  23:32  Stargate  
  200  23:44  Fleet Beacon  
  200  23:50  Cybernetics Core  
  200  24:10  Robotics Facility  
  200  24:33  Photon Cannon  
  200  24:37  Photon Cannon  
  200  24:39  Photon Cannon  
  200  24:52  Pylon  
  200  24:54  Pylon  
  200  24:57  Pylon  
  200  25:02  Pylon  
  200  25:08  Pylon  
  200  25:14  Photon Cannon  
  200  25:15  Photon Cannon  
  200  25:18  Photon Cannon  
  200  25:20  Photon Cannon  
  200  25:30  Photon Cannon  
  200  25:33  Photon Cannon  
  200  25:49  Nexus  
  200  25:52  Photon Cannon  
  200  26:02  Photon Cannon  
  200  26:24  Nexus  
  200  26:27  Graviton Catapult  
  200  26:32  Protoss Air Armor Level 1 (Chrono Boost)  
  200  26:35  Protoss Air Weapons Level 2 (Chrono Boost)  
  200  26:36  Nexus x3  
  200  27:05  Photon Cannon  
  200  27:08  Pylon  
  200  27:10  Pylon, Photon Cannon  
  200  27:12  Pylon, Photon Cannon  
  200  27:13  Pylon x2, Photon Cannon  
  200  27:16  Pylon  
  200  27:17  Pylon  
  200  27:18  Pylon  
  200  27:21  Pylon  
  200  27:24  Pylon  
  200  27:52  Stargate  
  200  27:54  Stargate  
  200  27:55  Assimilator  
  200  27:57  Stargate  
  200  28:20  Gateway  
  200  28:23  Gateway  
  200  28:26  Gateway  
  200  28:30  Gateway  
  200  28:34  Assimilator  
  200  28:35  Gateway  
  200  28:40  Gateway, Assimilator  
  200  28:42  Gateway  
  200  28:44  Gateway, Anion Pulse-Crystals  
  200  28:45  Gateway  
  200  28:47  Gateway  
  200  28:50  Protoss Air Weapons Level 3 (Chrono Boost)  
  200  28:52  Protoss Air Armor Level 2 (Chrono Boost)  
  200  28:53  Gateway  
  200  28:56  Gateway  
  196  29:07  Carrier x2 (Chrono Boost)  
  197  29:16  Carrier (Chrono Boost)  
  121  29:24  Stalker x2  
  121  29:25  High Templar x5  
  121  29:26  High Templar x7  
  121  29:27  High Templar x2  
  149  29:34  Archon x6  
  149  29:35  Archon  
  109  30:01  High Templar x2  
  109  30:02  High Templar x5  
  109  30:03  High Templar x6  
  109  30:04  High Templar x6  
  109  30:05  High Templar x2  
  144  30:07  Archon x3  
  144  30:08  Archon x6  
  144  30:09  Archon  
  131  30:18  Stalker x3  
  131  30:19  Stalker x3  
  131  30:20  Stalker  
  129  30:43  Zealot x4  
  129  30:44  Zealot x4  
  129  30:45  Zealot x4  
  129  30:46  Zealot x4  
  129  30:47  Zealot  
  129  30:49  High Templar x4  
  171  30:50  High Templar x3  
  171  30:51  High Templar x2  
  171  30:55  Archon x4  
  114  31:19  Stalker x6  
  119  31:57  Stalker x3  
Show
View Real Time Build Order
Export as new Build Order

Bigogre Terran 

Build Orders: Mech 

Get SALT Encoding   

  12  0:01  SCV  
  13  0:17  Supply Depot  
  13  0:22  SCV  
  14  0:34  SCV  
  15  0:39  Barracks  
  15  0:46  SCV  
  15  0:47  Refinery  
  16  0:58  SCV  
  17  1:06  Refinery  
  17  1:10  SCV  
  18  1:23  SCV  
  19  1:31  Marine  
  19  1:32  Supply Depot  
  20  1:36  SCV  
  21  1:48  SCV  
  21  1:49  Marine  
  23  1:57  Factory  
  23  2:06  Orbital Command  
  23  2:11  Marine  
  24  2:32  Marine  
  25  2:45  Bunker  
  25  3:01  Command Center  
  25  3:02  Factory Tech Lab  
  25  3:04  SCV  
  26  3:11  Starport  
  26  3:13  Marine  
  26  3:16  SCV  
  28  3:28  SCV  
  29  3:38  Engineering Bay  
  29  3:40  SCV  
  30  3:49  Marine  
  30  3:53  Supply Depot  
  30  3:55  Starport Reactor  
  31  4:10  SCV  
  31  4:13  Siege Tank  
  30  4:22  SCV x2  
  31  4:31  Missile Turret  
  31  4:34  SCV  
  31  4:37  Missile Turret  
  31  4:38  Missile Turret  
  32  4:40  Missile Turret  
  32  4:43  SCV  
  33  4:55  SCV  
  33  4:56  SCV  
  35  5:07  SCV  
  35  5:13  Supply Depot  
  36  5:21  Planetary Fortress  
  36  5:25  Refinery  
  36  5:27  Refinery  
  36  5:33  Liberator  
  36  5:34  SCV  
  37  5:37  Supply Depot  
  36  5:46  SCV  
  40  5:58  SCV  
  40  6:00  Supply Depot  
  40  6:02  Marine  
  40  6:03  Liberator  
  42  6:09  Siege Tank  
  42  6:10  Command Center, SCV  
  46  6:15  Missile Turret  
  46  6:19  Marine  
  50  6:33  SCV x2  
  50  6:37  Marine  
  53  6:41  Siege Tank  
  53  6:45  SCV x2  
  58  6:55  Marine  
  58  6:58  SCV x2  
  61  7:13  Marine  
  62  7:16  Armory  
  62  7:39  Marine  
  63  7:57  Marine  
  64  8:04  Armory  
  64  8:10  Factory  
  64  8:14  Thor  
  64  8:15  Missile Turret  
  64  8:18  Liberator x2  
  70  8:31  Marine  
  77  8:48  SCV, Marine  
  77  8:49  SCV  
  77  8:55  Terran Vehicle And Ship Armor Level 1, Terran Vehicle Weapons Level 1  
  80  8:56  Factory Tech Lab  
  80  9:01  SCV x2  
  82  9:04  Factory  
  82  9:13  SCV x2  
  82  9:14  Thor  
  82  9:17  Hellbat  
  92  9:18  Infernal Pre-Igniter  
  92  9:29  Marine  
  93  9:38  Supply Depot  
  93  9:39  Supply Depot  
  93  9:42  Supply Depot  
  93  9:46  Planetary Fortress  
  93  10:00  SCV x2, Hellbat, Marine  
  93  10:06  Factory Reactor  
  98  10:08  Cyclone  
  98  10:12  SCV x2  
  103  10:18  Marine  
  104  10:21  Cyclone  
  104  10:24  Supply Depot, SCV x2  
  109  10:29  Missile Turret  
  109  10:32  SCV  
  109  10:33  Missile Turret  
  110  10:35  Marine  
  110  10:36  SCV x2  
  113  10:43  Factory  
  113  10:44  SCV  
  113  10:46  Thor  
  113  10:49  Terran Ship Weapons Level 1  
  120  10:53  Marine  
  121  10:59  Refinery  
  121  11:03  Refinery, Hellbat x2  
  125  11:36  Factory Tech Lab  
  125  11:55  Command Center  
  125  12:13  Supply Depot  
  125  12:17  Supply Depot x2  
  125  12:21  Supply Depot  
  125  12:23  Supply Depot  
  125  12:34  Thor, Marine  
  125  12:35  SCV, Factory  
  133  12:38  Thor, Widow Mine x2  
  133  12:39  SCV x2  
  133  12:42  Thor  
  133  12:43  Supply Depot  
  151  12:47  SCV, Ghost Academy  
  151  12:51  SCV x2  
  154  12:53  Barracks Tech Lab  
  154  13:02  Terran Vehicle Weapons Level 2, Terran Vehicle And Ship Armor Level 2  
  154  13:07  Hellbat x2  
  158  13:18  Hellbat  
  160  13:22  Cyclone  
  160  13:26  Hellbat  
  165  13:39  Cyclone  
  165  13:40  Orbital Command  
  168  13:44  Ghost  
  168  13:46  Thor  
  168  13:48  Personal Cloaking  
  176  13:53  Supply Depot  
  176  13:54  Supply Depot, Cyclone  
  179  13:55  Supply Depot  
  179  13:56  Factory Tech Lab  
  179  13:57  Widow Mine  
  179  13:58  Widow Mine  
  179  14:01  Drilling Claws  
  183  14:02  Mag-Field Accelerator  
  183  14:08  SCV x2  
  183  14:09  SCV x2  
  187  14:14  Thor, Ghost  
  195  14:18  Supply Depot  
  195  14:30  Widow Mine x2  
  199  14:48  Factory  
  199  15:21  Missile Turret  
  199  15:22  Refinery  
  199  15:25  Refinery  
  199  15:49  Command Center  
  197  16:27  Terran Vehicle Weapons Level 3  
  197  16:28  Terran Vehicle And Ship Armor Level 3  
  197  16:34  Hellbat  
  130  17:17  Thor x2  
  130  17:18  Thor  
  100  17:23  Hellbat x2  
  100  17:25  Cyclone  
  107  17:39  Marine  
  96  17:56  Thor  
  96  17:57  Marine  
  97  18:00  Thor x2  
  105  18:06  Siege Tank  
  90  18:15  Marine  
  91  18:21  Hellbat x2  
  91  18:23  Factory Reactor  
  95  18:32  Marine  
  96  18:38  Siege Tank  
  96  18:39  Siege Tank  
  100  18:50  Marine  
  99  19:02  Command Center  
  99  19:08  Marine  
  100  19:23  Thor x2  
  112  19:24  Thor  
  112  19:26  Thor, Marine  
  125  19:44  Marine  
  126  19:58  Hellbat x2  
  126  19:59  Hellbat x2  
  134  20:01  Marine  
  135  20:29  Supply Depot x2  
  135  20:30  Supply Depot  
  135  20:33  Thor x2  
  135  20:34  Thor  
  153  20:48  Orbital Command  
  153  21:49  Orbital Command  
  153  22:44  Medivac  
  153  22:49  SCV  
  156  23:01  SCV  
  157  23:13  SCV  
  158  23:25  SCV  
  159  23:37  SCV  
  160  23:49  Refinery  
  160  23:54  Refinery  
  160  24:11  SCV  
  161  24:23  SCV  
  162  24:42  Cyclone  
  162  24:43  Cyclone x2  
  171  25:13  Cyclone  
  171  25:38  Orbital Command  
  156  25:50  Marine  
  153  26:08  Marine  
  154  26:16  Widow Mine x5  
  164  26:26  Marine  
  164  26:27  Hellbat  
  164  26:28  Hellbat x2  
  171  26:44  Marine  
  171  26:45  Hellbat x2  
  176  27:02  Marine  
  105  29:32  Orbital Command  
  92  30:19  SCV  
Tags
 
Composition
Mech
Matchup
PvT
Replay Pack
1st pack
Add a new tag
Caveats
  • Supply blocks, unpowered buildings, or Contaminate may cause inaccurate times.
  • Supply counts are checked every 10 seconds.